Match 41796271
Unlisted

Match 41796271
End
Construct Infanterie Kompanie
Kettenkrad Recon Vehicle
MG 42 Machine Gun Team
Selects Terror Battlegroup
Selects Machine Gun Camouflage
Grenadier Squad
Grenadier Squad
Construct Luftwaffe Kompanie
Jäger Squad
Support Elements
Wirbelwind Flakpanzer
Flak 30 Anti-aircraft Gun Team
Pioneer Squad
Construct Panzer Kompanie
Stoßtruppen Squad
Sturmpanzer IV Brummbär
Jäger Squad
Medical Bunker
Selects Defend the Fatherland
Selects Defend the Fatherland
Selects Defend the Fatherland
Selects Defend the Fatherland
Grand.G
mfkoltuksuz
0
0

Comments sign in to comment!

No comments posted yet!